 Dungeon Sprint DCSS version 0.28-a0-802-g09f76e8c00 (webtiles) character file.

Game seed: 14098192724499161945

22446 mhtbhm the Bludgeoner (level 13, -18/154 HPs)
             Began as a Gargoyle Berserker on Nov 6, 2021.
             Was the Champion of Trog.
             Killed from afar by an ice dragon (52 damage)
             ... with a blast of cold
             ... in the Dungeon (Sprint IX: "|||||||||||||||||||||||||||||").
             The game lasted 00:06:18 (3134 turns).

mhtbhm the Bludgeoner (Gargoyle Berserker)          Turns: 3134, Time: 00:06:19

Health: -18/154    AC: 30    Str: 28    XL:     13   Next: 0%
Magic:  13/13      EV: 15    Int:  9    God:    Trog [******]
Gold:   1306       SH:  0    Dex: 11    Spells: 12/12 levels left

rFire   + . .      SeeInvis .   a - +8 dire flail of the Nexus {vorpal, rF+ Dex+2}
rCold   . . .      Faith    .   (shield currently unavailable)
rNeg    + . .      Spirit   .   b - +2 ring mail {Will+}
rPois   ∞          Reflect  .   r - +1 helmet
rElec   +          Harm     .   k - +0 cloak
rCorr   .          Rampage  .   A - +1 pair of gloves
Will    +....      NoTele   +   s - +0 pair of boots
Stlth   ..........              (no amulet)
HPRegen 0.35/turn               m - +3 ring of strength
MPRegen 0.13/turn               l - +2 ring of protection

@: berserking (expiring), very quick
A: sickness immunity, AC +9, negative energy resistance 1, electricity
resistance, torment resistance 1, petrification resistance
a: Renounce Religion, Berserk, Trog's Hand, Brothers in Arms


You were in the Dungeon.
You worshipped Trog.
Trog was exalted by your worship.
You visited 1 branch You collected 1936 gold pieces.
You spent 630 gold pieces at shops.

Inventory:

Hand Weapons
 a - the +8 dire flail of the Nexus (weapon) {vorpal, rF+ Dex+2}
   (Trog gifted it to you in the Dungeon)

   It inflicts extra damage upon your enemies.
   Dex:       It affects your dexterity (+2).
   rF:        It protects you from fire.
 t - a +3 vorpal demon whip
Armour
 b - a +2 ring mail of willpower (worn)
 k - a +0 cloak (worn)
 r - a +1 helmet (worn)
 s - a +0 pair of boots (worn)
 A - a +1 pair of gloves (worn)
Jewellery
 l - a +2 ring of protection (right hand)
 m - a +3 ring of strength (left hand)
 x - a ring of ice
 y - a ring of fire
 z - a ring of see invisible
Wands
 j - a wand of iceblast (6)
Scrolls
 h - 2 scrolls of blinking
 o - 2 scrolls of fear
 p - 2 scrolls of enchant armour
 q - 4 scrolls of fog
 u - 2 scrolls of summoning
 v - a scroll of identify
 C - 2 scrolls of enchant weapon
Potions
 c - 9 potions of curing
 d - 5 potions of heal wounds
 e - a potion of haste
 f - 4 potions of magic
 g - 2 potions of berserk rage
 i - 2 potions of invisibility
 n - a potion of might
 B - 2 potions of mutation


   Skills:
 + Level 20.6 Fighting
 + Level 20.7 Maces & Flails
 + Level 2.6 Throwing
 + Level 14.5 Armour
 + Level 10.1 Dodging
 + Level 2.4 Stealth
 + Level 3.0 Evocations


You had 12 spell levels left.
You didn't know any spells.
Your spell library was empty.

Dungeon Overview and Level Annotations

Branches:
Dungeon (1/1)

Altars:
Cheibriados
Dithmenos
Elyvilon
Fedhas
Gozag
Hepliaklqana
Kikubaaqudgha
Makhleb
Nemelex Xobeh
Okawaru
Qazlal
Ru
Sif Muna
Trog
Uskayaw
Vehumet
Wu Jian
Xom
Yredelemnul
Zin
The Shining One
Beogh
Jiyva
Lugonu

Shops:
D [*([


Innate Abilities, Weirdness & Mutations

You are immune to sickness and miasma.
Your stone body is resilient. (AC +9)
You are immune to poison.
You resist negative energy. (rN+)
You are resistant to electric shocks. (rElec)
You are resistant to unholy torment.
You are immune to petrification.


Message History

Trog accepts your kill. The ice dragon breathes frost at you.
The blast of cold misses you.
Your Dodging skill increases to level 10!
Your Evocations skill increases to level 3!
Items here: ( ))) [[ ÷÷.
You hit the ice dragon.
The ice dragon is lightly wounded.
The ice dragon breathes frost at you. The blast of cold hits you!!!
* * * LOW HITPOINT WARNING * * *
You impale the ice dragon!!
The ice dragon is heavily wounded.
You puncture the ice dragon!
The ice dragon is severely wounded.
You puncture the ice dragon!
The ice dragon is almost dead.
The ice dragon closely misses you. The ice dragon barely misses you.
The ice dragon tramples you but does no damage.
You closely miss the ice dragon.
The ice dragon is almost dead.
You closely miss the ice dragon.
The ice dragon is almost dead.
The ice dragon breathes frost at you.
The blast of cold hits the ice dragon.
The ice dragon resists.
The blast of cold hits you!
* * * LOW HITPOINT WARNING * * *
You completely miss the ice dragon.
The ice dragon is almost dead.
The ice dragon completely misses you. The ice dragon barely misses you.
The ice dragon tramples you but does no damage.
You puncture the ice dragon!
You kill the ice dragon!
Trog accepts your kill.
The ice dragon scales are intact enough to wear.
You have reached level 13!
Unknown command.
The ice dragon breathes frost at you. The blast of cold hits you!!!
You die...

▓.▓.▓∩▓.▓.▓.▓÷▓
▓.▓.▓.▓.▓.▓.▓)▓
▓.▓.▓∩▓.▓.▓.▓.▓
▓.▓.▓)▓.▓.▓.▓.▓
▓(▓.▓∩▓.▓†▓.▓.▓
▓[▓.▓.▓.▓.▓.▓[▓
▓.▓.▓∩▓.▓†▓.▓[▓
▓D▓.▓)▓.▓.▓.▓.▓
▓@▓.▓)▓.▓.▓.▓)▓
▓[▓.▓.▓.▓)▓.▓?▓
▓[▓.▓)▓.▓†▓.▓.▓
▓)▓.▓)▓.▓†▓.▓'▓
▓.▓.▓)▓.▓.▓.▓_▓
▓.▓.▓.▓.▓.▓.▓_▓
▓.▓.▓.▓.▓.▓.▓_▓
▓.▓.▓.▓.▓.▓.▓_▓
▓.▓.▓.▓.▓÷▓.▓_▓


You could see an ice dragon (catching breath).

Vanquished Creatures
  A fire dragon (D)
  2 ice dragons (D)
  A great orb of eyes (D)
  Erolcha (D)
  A hydra (D)
  An ogre mage (D)
  2 two-headed ogres (D)
  2 centaur warriors (D)
  An orc high priest (D)
  A tengu warrior (D)
  Urug (D)
  A glowing orange brain (D)
  2 orc knights (D)
  A deep elf pyromancer (D)
  An ugly thing (D)
  A cyclops (D)
  9 orc sorcerers (D)
  2 manticores (D)
  A guardian serpent (shapeshifter) (D)
  3 cane toads (D)
  3 rime drakes (D)
  An efreet (D)
  2 komodo dragons (D)
  A shadow (D)
  3 yaks (D)
  A wyvern (D)
  A basilisk (D)
  A wraith (D)
  2 water moccasins (D)
  An acid dragon (D)
  4 hell hounds (D)
  9 orc warriors (D)
  An ogre (D)
  5 wolves (D)
  A kobold brigand (D)
  A bullfrog (D)
  3 orc priests (D)
  A hound (D)
  8 orc wizards (D)
  An adder zombie (D)
  A dart slug (D)
  3 orcs (D)
  A bat (D)
  2 bat zombies (D)
  3 hobgoblins (D)
95 creatures vanquished.

Vanquished Creatures (collateral kills)
  2 orc knights (D)
  An orc sorcerer (D)
  2 orc warriors (D)
5 creatures vanquished.

Grand Total: 100 creatures vanquished

Notes
Turn   | Place    | Note
-------+----------+-------------------------------------------
     0 | D        | mhtbhm the Gargoyle Berserker began the quest for the Orb.
     0 | D        | Reached XP level 1. HP: 14/14 MP: 1/1
     1 | D        | Banished a spatial maelstrom
    15 | D        | Reached ** piety under Trog
    17 | D        | Reached XP level 2. HP: 14/20 MP: 2/2
   248 | D        | Noticed an ogre
   260 | D        | Reached skill level 5 in Fighting
   260 | D        | Reached XP level 3. HP: 19/26 MP: 3/3
   264 | D        | Killed an ogre
   264 | D        | Reached *** piety under Trog
   265 | D        | Reached XP level 4. HP: 25/34 MP: 4/4
   265 | D        | Reached XP level 5. HP: 28/38 MP: 5/5
   276 | D        | Found a snail-covered altar of Cheibriados.
   276 | D        | Found a shadowy altar of Dithmenos.
   276 | D        | Found a white marble altar of Elyvilon.
   276 | D        | Found a blossoming altar of Fedhas.
   276 | D        | Found an opulent altar of Gozag.
   277 | D        | Found a hazy altar of Hepliaklqana.
   278 | D        | Found a viscous altar of Jiyva.
   279 | D        | Found an ancient bone altar of Kikubaaqudgha.
   280 | D        | Found a corrupted altar of Lugonu.
   281 | D        | Found a burning altar of Makhleb.
   282 | D        | Found a sparkling altar of Nemelex Xobeh.
   283 | D        | Found an iron altar of Okawaru.
   284 | D        | Found a stormy altar of Qazlal.
   285 | D        | Found a sacrificial altar of Ru.
   286 | D        | Found a shimmering blue altar of Sif Muna.
   287 | D        | Found a bloodstained altar of Trog.
   288 | D        | Found a hide-covered altar of Uskayaw.
   289 | D        | Found a radiant altar of Vehumet.
   290 | D        | Found an ornate altar of the Wu Jian Council.
   291 | D        | Found a shimmering altar of Xom.
   292 | D        | Found a basalt altar of Yredelemnul.
   293 | D        | Found a glowing silver altar of Zin.
   294 | D        | Found a glowing golden altar of the Shining One.
   442 | D        | Noticed a kobold brigand
   442 | D        | Noticed a yak
   442 | D        | Noticed an acid dragon
   442 | D        | Noticed a two-headed ogre
   442 | D        | Noticed a shadow
   445 | D        | Reached **** piety under Trog
   448 | D        | Killed a shadow
   449 | D        | Reached XP level 6. HP: 46/46 MP: 6/6
   452 | D        | Killed a two-headed ogre
   453 | D        | Reached XP level 7. HP: 45/54 MP: 7/7
   453 | D        | Reached XP level 8. HP: 50/60 MP: 8/8
   458 | D        | Killed a yak
   458 | D        | Reached ***** piety under Trog
   617 | D        | Noticed a manticore
   617 | D        | Noticed a centaur warrior
   617 | D        | Noticed an efreet
   617 | D        | Noticed a wraith
   617 | D        | Noticed a two-headed ogre
   617 | D        | Noticed a deep elf pyromancer
   622 | D        | Killed a two-headed ogre
   623 | D        | Reached XP level 9. HP: 67/67 MP: 9/9
   628 | D        | Killed a deep elf pyromancer
   631 | D        | Killed an efreet
   636 | D        | Killed a centaur warrior
   639 | D        | Killed a manticore
   640 | D        | Reached skill level 15 in Maces & Flails
   640 | D        | Reached XP level 10. HP: 75/75 MP: 10/10
   968 | D        | Noticed a cane toad
   968 | D        | Noticed a cane toad
   976 | D        | Reached ****** piety under Trog
   977 | D        | Noticed a seven-headed hydra
   981 | D        | Killed a cane toad
   983 | D        | Killed a cane toad
  1001 | D        | Reached skill level 15 in Fighting
  1005 | D        | Killed a seven-headed hydra
  1006 | D        | Received a gift from Trog
  1211 | D        | Noticed a cane toad
  1217 | D        | Reached XP level 11. HP: 83/83 MP: 11/11
  1504 | D        | Reached skill level 10 in Armour
  1521 | D        | Received a gift from Trog
  1690 | D        | Noticed an orc knight
  1710 | D        | Killed an orc knight
  1721 | D        | Identified the +8 dire flail of the Nexus {vorpal, rF+
                  | Dex+2} (Trog gifted it to you in the Dungeon)
  1721 | D        | Received a gift from Trog
  1974 | D        | Noticed an orc high priest
  1977 | D        | Received a gift from Trog
  1983 | D        | Noticed an orc knight
  1988 | D        | Noticed an orc knight
  1992 | D        | Noticed an orc sorcerer
  1993 | D        | Noticed a soul eater
  2000 | D        | Killed an orc high priest
  2003 | D        | Noticed a sixfirhy
  2021 | D        | Killed an orc knight
  2022 | D        | Reached skill level 1 in Stealth
  2023 | D        | Killed an orc knight
  2031 | D        | Killed an orc sorcerer
  2033 | D        | Received a gift from Trog
  2341 | D        | Found Umiuguy's Antique Armour Boutique.
  2341 | D        | Noticed an orc sorcerer
  2341 | D        | Noticed an orc sorcerer
  2341 | D        | Noticed an orc sorcerer
  2341 | D        | Paralysed by an orc sorcerer for 7 turns
  2342 | D        | Noticed an orc sorcerer
  2347 | D        | Noticed a sixfirhy
  2350 | D        | Killed an orc sorcerer
  2351 | D        | Noticed an orc sorcerer
  2356 | D        | Killed an orc sorcerer
  2357 | D        | Reached skill level 1 in Evocations
  2357 | D        | Found Kiopp's Antique Weapon Shop.
  2358 | D        | Killed an orc sorcerer
  2358 | D        | Received a gift from Trog
  2360 | D        | Found Sofiwesch's General Store.
  2361 | D        | Killed an orc sorcerer
  2363 | D        | Killed an orc sorcerer
  2364 | D        | Reached XP level 12. HP: 92/92 MP: 12/12
  2364 | D        | Found Sigumi's Antique Armour Shop.
  2378 | D        | Paralysed by an orc sorcerer for 4 turns
  2383 | D        | Received a gift from Trog
  2397 | D        | Received a gift from Trog
  2459 | D        | Bought a potion of heal wounds for 70 gold pieces
  2459 | D        | Bought a potion of invisibility for 112 gold pieces
  2459 | D        | Bought 2 scrolls of summoning for 266 gold pieces
  2465 | D        | Bought a glowing scale mail for 182 gold pieces
  2532 | D        | Noticed Urug
  2536 | D        | Noticed Erolcha
  2539 | D        | Killed Urug
  2543 | D        | Killed Erolcha
  2760 | D        | Noticed a tengu warrior
  2760 | D        | Noticed an ogre mage
  2760 | D        | Noticed a centaur warrior
  2771 | D        | Received a gift from Trog
  2773 | D        | Killed a centaur warrior
  2774 | D        | Reached skill level 1 in Throwing
  2775 | D        | Killed an ogre mage
  2776 | D        | Noticed a fire dragon
  2780 | D        | Killed a tengu warrior
  2783 | D        | Noticed an ice dragon
  2787 | D        | Received a gift from Trog
  2788 | D        | Noticed a great orb of eyes
  2789 | D        | Noticed an ice dragon
  2793 | D        | Killed a fire dragon
  2794 | D        | Noticed an ice dragon
  2800 | D        | Noticed a tengu reaver
  3120 | D        | Killed an ice dragon
  3124 | D        | Killed a great orb of eyes
  3125 | D        | Reached skill level 10 in Dodging
  3133 | D        | Killed an ice dragon
  3134 | D        | Reached XP level 13. HP: 34/103 MP: 13/13
  3134 | D        | Killed from afar by an ice dragon

Illustrated notes

Levels and vault maps discovered:
D:        linesprint [early_d, line_temple, items_1, d_10, items_2, lair_1,
          lair_end, items_3, orc_1, orc_end, items_4, d_15, swamp_1, shoals_1,
          snake_1, spider_1, d_20, vaults_1, items_5, swamp_end, shoals_end,
          snake_end, spider_end, vaults_end, d_27, items_6, zot_1, zot_end,
          crypt_end, forest_end, elf_end, slime_end, tomb_end, abyss_end,
          pan_hell_end]

Skill      XL: |  1  2  3  4  5  6  7  8  9 10 11 12 |
---------------+-------------------------------------+-----
Fighting       | 4 5 7 9 11 12 14 15 18 20 | 20.6
Maces & Flails | 4 6 8 11 13 15 17 19 20 | 20.7
Armour         | 3 4 6 7 8 9 12 14 | 14.5
Dodging        | 2 3 4 6 7 8 9 10 | 10.1
Stealth        | 1 2 |  2.4
Evocations     | 1 3 |  3.0
Throwing       | 2 |  2.6

Action                   |  1- 3 |  4- 6 |  7- 9 | 10-12 | 13-15 || total
-------------------------+-------+-------+-------+-------+-------++-------
Melee: Mace              |    29 |     6 |       |       |       ||    35
       Dire flail        |       |     9 |    33 |   239 |       ||   281
Throw: Javelin           |       |       |       |     6 |       ||     6
Invok: Berserk           |     1 |     1 |     1 |     9 |       ||    12
       Brothers in Arms  |       |       |       |     2 |       ||     2
Evoke: Wand              |       |       |       |     4 |       ||     4
  Use: Scroll            |       |       |       |     3 |       ||     3
       Potion            |       |       |       |     1 |       ||     1
Armor: Animal skin       |     2 |     6 |       |       |       ||     8
       Chain mail        |       |     1 |    10 |    51 |       ||    62
       Ring mail         |       |       |       |    39 |       ||    39
       Scale mail        |       |       |       |     2 |       ||     2
Dodge: Dodged            |    15 |     6 |     7 |    90 |       ||   118

Table legend: (Time is in decaauts)
 A = Elapsed time spent in this place.
 B = Non-inter-level travel time spent in this place.
 C = Inter-level travel time spent in this place.
 D = Time resting spent in this place.
 E = Time spent auto-exploring this place.
 F = Levels seen in this place.
 G = Mean time per level.
                   A        B        C        D        E       F      G
               +--------+--------+--------+--------+--------+-----+--------+
         Total |   3114 |   3114 |      0 |   1914 |    294 |   1 | 3114.0 |
       Dungeon |   3114 |   3114 |      0 |   1914 |    294 |   1 | 3114.0 |
               +--------+--------+--------+--------+--------+-----+--------+

Top non-repeatable levels by time:
       D: 3114 daAuts
